 Dungeon Crawl Stone Soup version 0.29-a0-96-g93358da72b (webtiles) character file.

Game seed: 5144352496693793056

25 ZeroWinrate the Vexing (level 3, -1/25 HPs)
             Began as a Gnoll Wanderer on Feb 12, 2022.
             Slain by a jackal (2 damage)
             ... on level 2 of the Dungeon.
             The game lasted 00:03:59 (1001 turns).

ZeroWinrate the Vexing (Gnoll Wanderer)             Turns: 1001, Time: 00:03:59

Health: -1/25      AC:  6    Str: 13    XL:     3   Next: 6%
Magic:  4/7        EV: 10    Int: 12    God:
Gold:   60         SH:  0    Dex: 10    Spells: 5/7 levels left

rFire   . . .      SeeInvis .   a - +0 club
rCold   . . .      Faith    .   (no shield)
rNeg    . . .      Spirit   .   b - +0 ring mail
rPois   .          Reflect  .   (no helmet)
rElec   .          Harm     .   (no cloak)
rCorr   .          Rampage  .   (no gloves)
Will    .....                   (no boots)
Stlth   +.........              (no amulet)
HPRegen 0.08/turn               (no ring)
MPRegen 0.10/turn               (no ring)

@: no status effects
A: fangs 1, strong nose, distributed training
a: no special abilities


You were on level 2 of the Dungeon.
You visited 1 branch of the dungeon, and saw 2 of its levels.

You collected 60 gold pieces.

Inventory:

Hand Weapons
 a - a +0 club (weapon)
Armour
 b - a +0 ring mail (worn)


   Skills:
 + Level 0.6 Fighting
 + Level 0.6 Short Blades
 + Level 0.6 Long Blades
 + Level 0.6 Axes
 + Level 0.6 Maces & Flails
 + Level 0.6 Polearms
 + Level 0.6 Staves
 + Level 0.6 Slings
 + Level 0.6 Bows
 + Level 0.6 Crossbows
 + Level 0.6 Throwing
 + Level 4.5 Armour
 + Level 0.6 Dodging
 + Level 0.6 Stealth
 + Level 0.6 Shields
 + Level 0.6 Unarmed Combat
 + Level 2.8 Spellcasting
 + Level 0.4 Conjurations
 + Level 7.1 Hexes
 + Level 0.4 Summonings
 + Level 0.4 Necromancy
 + Level 3.7 Translocations
 + Level 0.4 Transmutations
 + Level 0.4 Fire Magic
 + Level 0.4 Ice Magic
 + Level 0.4 Air Magic
 + Level 0.4 Earth Magic
 + Level 0.4 Poison Magic
 + Level 0.8 Invocations
 + Level 2.5 Evocations


You had 5 spell levels left.
You knew the following spells:

 Your Spells              Type           Power      Damage    Failure   Level
a - Slow                  Hex            72%        N/A       2%          1
b - Apportation           Tloc           20%        N/A       11%         1

Your spell library contained the following spells:

 Spells                   Type           Power      Damage    Failure   Level
 Portal Projectile        Hex/Tloc       28%        N/A       16%         3
 Gell's Gravitas          Tloc           10%        N/A       32%         3
 Summon Guardian Golem    Hex/Summ       10%        N/A       32%         3
 Sublimation of Blood     Necr           2%         N/A       52%         2
 Petrify                  Tmut/Erth      2%         N/A       99%         4
 Irradiate                Conj/Tmut      1%         3d13      100%        5


Dungeon Overview and Level Annotations

Branches:
Dungeon (2/15)

Altars:
Xom


Innate Abilities, Weirdness & Mutations

You have very sharp teeth.
Your uncanny sense of smell can sniff out nearby items.
Your experience applies equally to all skills.


Message History

The bat hits you.
* * * LOW HITPOINT WARNING * * *
2 jackals come into view.
Found a shimmering altar of Xom.
The jackal barks!
The bat hits you but does no damage.
A jackal comes into view.
The bat barely misses you. The adder bites you but does no damage.
The jackal barks!
The bat hits you but does no damage. The adder bites you but does no damage.
The jackal bites you but does no damage.
The jackal closely misses you.
A frilled lizard comes into view.
The frilled lizard hisses angrily.
The jackal bites you but does no damage.
A kobold comes into view. It is wielding a +0 dagger.
The kobold shouts!
You hear a shout!
The jackal closely misses you.
The jackal bites you but does no damage.
The jackal bites you.
* * * LOW HITPOINT WARNING * * *
A kobold comes into view. It is wielding a +0 dagger.
A ball python comes into view.
Found a book of Alchemy.
The ball python hisses angrily.
The jackal bites you but does no damage.
The jackal bites you but does no damage.
The ball python bites you but does no damage.
The ball python closely misses you. The kobold barely misses you.
The ball python barely misses you. The ball python closely misses you.
The kobold misses you. The jackal bites you.
* * * LOW HITPOINT WARNING * * *
The kobold hits you but does no damage. The jackal barely misses you.
The kobold hits you but does no damage.
You see here a book of Alchemy.
You pick up a book of Alchemy and begin reading...
You add the spells Sublimation of Blood, Petrify and Irradiate to your library.
The bat is no longer moving slowly.
The jackal bites you.
You die...

#### ##...##
##.....## ##..
#.......# #...
#.@.....# .....
#.hK....# ...hh
##SKh..### ......
#.l.h....#
._..).######bhb.....#
........hh.#.........
........##.h.w....##.
..$...hhSb####...##
.......##..h...#..#


You could see a worm, 5 jackals, 2 bats, a ball python, 2 kobolds and a frilled
lizard.

Vanquished Creatures
  2 bats (D:1)
  A hobgoblin (D:1)
  6 jackals (D:1)
  4 ball pythons (D:1)
  3 goblins (D:1)
  2 kobolds (D:1)
  4 rats (D:1)
22 creatures vanquished.

Notes
Turn   | Place    | Note
-------+----------+-------------------------------------------
     0 | D:1      | ZeroWinrate the Gnoll Wanderer began the quest for the Orb.
     0 | D:1      | ZeroWinrate set off with the following items: a +0 club, a
                  | +0 ring mail; and the following spells available to
                  | memorise: Slow, Apportation, Portal Projectile, Gell's
                  | Gravitas, Summon Guardian Golem
     0 | D:1      | Reached XP level 1. HP: 13/13 MP: 4/4
     2 | D:1      | Learned a level 1 spell: Slow
     4 | D:1      | Learned a level 1 spell: Apportation
    10 | D:1      | Found a faded altar of an unknown god.
    36 | D:1      | Reached XP level 2. HP: 14/19 MP: 1/5
   880 | D:1      | Reached XP level 3. HP: 17/25 MP: 4/7
   989 | D:2      | Found a shimmering altar of Xom.
   998 | D:2      | HP: 1/25 [jackal (2)]
  1001 | D:2      | Slain by a jackal

Illustrated notes

Levels and vault maps discovered:
D:1:      grunt_arrival_crossed_arrows, layout_rooms, basic_ecumenical_altar
D:2:      layout_rooms, basic_altar, uniq_terence

Action                   || total
-------------------------++-------
Melee: Club              ||   109
       Bite              ||     5
       Punch             ||     1
 Cast: Slow              ||    31
  Use: Scroll            ||     2
Armor: Ring mail         ||    99
Dodge: Dodged            ||   124

Table legend: (Time is in decaauts)
 A = Elapsed time spent in this place.
 B = Non-inter-level travel time spent in this place.
 C = Inter-level travel time spent in this place.
 D = Time resting spent in this place.
 E = Time spent auto-exploring this place.
 F = Levels seen in this place.
 G = Mean time per level.
                   A        B        C        D        E       F      G
               +--------+--------+--------+--------+--------+-----+--------+
         Total |   1031 |   1031 |      0 |    168 |    515 |   2 |  515.5 |
       Dungeon |   1031 |   1031 |      0 |    168 |    515 |   2 |  515.5 |
               +--------+--------+--------+--------+--------+-----+--------+

Top non-repeatable levels by time:
     D:1: 997 daAuts
     D:2: 34 daAuts
